 Dungeon Crawl Stone Soup version 0.29.0-15-g675c0067aa (webtiles) character file.

Game seed: 245181374443166474

12 EvilAshe the Covered (level 2, -1/24 HPs)
             Began as a Human Fighter on Sept 11, 2022.
             Slain by a gnoll
             ... wielding a +0 club
              (4 damage)
             ... on level 1 of the Dungeon.
             The game lasted 00:02:08 (596 turns).

EvilAshe the Covered (Human Fighter)                 Turns: 596, Time: 00:02:08

Health: -1/24      AC:  6    Str: 16    XL:     2   Next: 45%
Magic:  2/2        EV:  8    Int:  8    God:
Gold:   8          SH:  4    Dex: 12    Spells: 1/1 levels left

rFire   . . .      SeeInvis .   a - +0 long sword
rCold   . . .      Faith    .   c - +0 buckler
rNeg    . . .      Spirit   .   b - +0 scale mail
rPois   .          Reflect  .   (no helmet)
rElec   .          Harm     .   (no cloak)
rCorr   .          Rampage  .   (no gloves)
Will    .....                   (no boots)
Stlth   ..........              (no amulet)
HPRegen 0.08/turn               (no ring)
MPRegen 0.08/turn               (no ring)

@: mighty
A: no striking features
a: no special abilities


You were on level 1 of the Dungeon.
You visited 1 branch of the dungeon, and saw 2 of its levels.

You collected 8 gold pieces.

Inventory:

Hand Weapons
 a - a +0 long sword (weapon)
Missiles
 e - 2 stones
 f - 6 poisoned darts (quivered)
Armour
 b - a +0 scale mail (worn)
 c - a +0 buckler (worn)
Scrolls
 g - a scroll of enchant weapon {unknown}
Potions
 h - a potion of haste {unknown}


   Skills:
 + Level 3.1 Fighting
 * Level 2.3 Long Blades
 + Level 3.1 Armour
 + Level 3.1 Shields


You had one spell level left.
You didn't know any spells.
Your spell library was empty.

Dungeon Overview and Level Annotations

Branches:
Dungeon (2/15)

Altars:

Annotations:
D:2 Robin


Message History

The giant cockroach bites you. The goblin hits you with a +0 club.
The ball python closely misses you. The ball python grabs you.
The ball python constricts you.
You escape the ball python's grasp.
The goblin attacks as you move away! The goblin barely misses you.
The goblin attacks as you move away! You block the goblin's attack.
The ball python attacks as you move away!
The ball python bites you.
A rat comes into view.
The ball python bites you.
* * * LOW HITPOINT WARNING * * *
You block the ball python's attack.
A gnoll comes into view. It is wielding a +0 club.
The gnoll shouts!
The ball python attacks as you move away!
The ball python barely misses you. You block the ball python's attack.
The ball python attacks as you move away!
The ball python barely misses you. x2
An endoplasm comes into view.
The endoplasm quivers.
The ball python closely misses you. You block the ball python's attack.
You feel very mighty all of a sudden.
The ball python bites you but does no damage.
The ball python grabs you. The ball python constricts you.
The endoplasm freezes you.
You are frozen.
* * * LOW HITPOINT WARNING * * *
You slash the endoplasm!
You kill the endoplasm!
The ball python bites you but does no damage.
The ball python constricts you. The goblin barely misses you.
You block the ball python's attack. The ball python constricts you.
You escape the ball python's grasp.
You barely miss the goblin. The goblin closely misses you.
You slash the goblin!
You kill the goblin!
You slash the ball python!
You kill the ball python!
The gnoll attacks as you move away! The gnoll hits you with a +0 club.
You die...

#........##..##..##
.....##.##.#.# ###
#.##.##w#.###.#
#..r..# #.. #.Bg##.#
.## ###K# #.# .# #)#
#.# .# #g# .# .# #@#
# g# #...........#
.#####.
######.#######.$.....
#.# #.........
#.#####.########
#.................
#######.########..
#.# #.. #.# #..


You could see a gnoll, a dart slug, a giant cockroach, a goblin, a kobold and a
rat.

Vanquished Creatures
  A bat (D:1)
  An endoplasm (D:1)
  A giant cockroach (D:1)
  3 goblins (D:1)
  A hobgoblin (D:1)
  A ball python (D:1)
  A frilled lizard (D:1)
  2 rats (D:1)
11 creatures vanquished.

Notes
Turn   | Place    | Note
-------+----------+-------------------------------------------
     0 | D:1      | EvilAshe the Human Fighter began the quest for the Orb.
     0 | D:1      | Reached XP level 1. HP: 18/18 MP: 1/1
   463 | D:1      | Reached XP level 2. HP: 24/24 MP: 2/2
   545 | D:1      | You fall into a shaft and drop 1 floor!
   571 | D:2      | Noticed Robin
   596 | D:1      | Slain by a gnoll

Illustrated notes

Levels and vault maps discovered:
D:1:      scummos_arrival_checkerplants, layout_loops_ring,
          shapermc_ecumenical_altar_mp_vishouse, st_stairs_5,
          serial_bayou_lagoon_b
D:2:      layout_loops_ring, feat_on_display, uniq_natasha, uniq_robin

Action                   || total
-------------------------++-------
Melee: Long sword        ||    42
  Use: Potion            ||     1
Armor: Scale mail        ||    34
Dodge: Dodged            ||    39
Block: Buckler           ||    17
